 Dungeon Crawl Stone Soup version 0.16.0-6-gad6103a (webtiles) character file.

130 Anturke the Grave Robber (level 4, -1/30 HPs)
             Began as a Demonspawn Necromancer on Mar 14, 2015.
             Slain by Menkaure (18 damage)
             ... on level 4 of the Dungeon on Mar 15, 2015.
             The game lasted 00:14:33 (3036 turns).

Anturke the Grave Robber (Demonspawn Necromancer)   Turns: 3036, Time: 00:14:33

Health: -1/30      AC:  5    Str:  8    XL:     4   Next: 90%
Magic:  2/8        EV: 18    Int: 17    God:
Gold:   90         SH:  0    Dex: 19    Spells: 3 memorised, 3 levels left

rFire  . . .     SeeInvis .     (no weapon)
rCold  + . .     Clarity  .     a - +1 robe
rNeg   . . .     SustAb   .     (no shield)
rPois  .         Gourm    .     (no helmet)
rElec  .         Spirit   .     (no cloak)
rCorr  .         Warding  .     (no gloves)
rMut   .         Stasis   .     (no boots)
MR     .....                    (no amulet)
Stlth  +++.......               (no ring)
                                (no ring)

@: agile, not resistant to hostile enchantments, fairly stealthy
A: slimy green scales 1, cold resistance 1
a: no special abilities


You were on level 4 of the Dungeon.
You were hungry.

You visited 1 branch of the dungeon, and saw 4 of its levels.

You collected 90 gold pieces.

Inventory:

Armour
 a - a +1 robe (worn)
Scrolls
 f - 3 scrolls of remove curse
 m - a scroll of identify
Potions
 d - a potion of restore abilities
Books
 b - a book of Necromancy

   Spells                             Type                      Level
   a - Pain                           Necromancy                   1
   b - Animate Skeleton               Necromancy                   1
   c - Vampiric Draining              Necromancy                   3
   d - Regeneration                   Charms/Necromancy            3
   e - Animate Dead                   Necromancy                   4
   f - Control Undead                 Necromancy                   4
Comestibles
 c - a bread ration


   Skills:
 + Level 2.4 Dodging
 + Level 2.0 Stealth
 + Level 0.1 Unarmed Combat
 + Level 2.7 Spellcasting
 * Level 5.9 Necromancy


You had 3 spell levels left.
You knew the following spells:

 Your Spells              Type           Power        Failure   Level  Hunger
a - Pain                  Necr           ###.         1%          1    #......
b - Animate Skeleton      Necr           N/A          1%          1    #......
c - Vampiric Draining     Necr           ###.......   6%          3    ###....


Dungeon Overview and Level Annotations

Branches:
Dungeon (4/15)
 Temple: D:4-7

Altars:

Annotations:
D:4 Eustachio, Menkaure


Innate Abilities, Weirdness & Mutations

You are partially covered in slimy green scales (AC +2).
Your flesh is cold resistant.


Message History

A jackal comes into view.
You barely miss something. Something closely misses you.
Menkaure casts a spell.
Menkaure seems to speed up.
Casting: Animate Skeleton
Confirm with . or Enter, or press ? or * to list all spells.
You don't have enough magic to cast that spell.
You miss something.
The jackal barks!
You hear some strange, mumbled words.
The puff of frost misses you.
The puff of frost hits Menkaure.
Menkaure resists.
Something hits you but does no damage.
You hit Menkaure but do no damage.
Menkaure is lightly damaged.
Menkaure completely misses you. Something hits you but does no damage.
A jackal comes into view.
You completely miss Menkaure.
Menkaure is lightly damaged.
The jackal moves out of view.
Something hits you. Menkaure hits you!!
Ouch! That really hurt!
You die...

# .o . . ...
......########
.......)M@{%.#
#######
......######.#
.......## ...
#.# #...?.....
. #.#
#...(..... #.#
#......... #.#
#......... #.#
#......... #.#
#)........ #.#
#.......##


You could see Menkaure.

Vanquished Creatures
  A hound (D:4)
  2 gnolls
  3 adders
  2 worms (D:3)
  4 giant geckos
  An ooze (D:4)
  2 orcs (D:3)
  A ball python (D:2)
  5 bats
  2 goblins (D:1)
  4 hobgoblins
  3 jackals (D:3)
  3 kobolds
  A quokka (D:4)
  5 giant newts
  A rat (D:1)
40 creatures vanquished.

Vanquished Creatures (collateral kills)
  2 giant geckos
  2 bats
  A giant cockroach (D:2)
  2 hobgoblins
  A quokka (D:2)
  A ball python (D:1)
  A giant newt (D:1)
  2 kobolds
12 creatures vanquished.

Vanquished Creatures (others)
  A hound skeleton (D:4)
  An adder skeleton (D:3)
  2 bat skeletons
  A kobold (D:4)
  A giant gecko skeleton (D:1)
  2 giant newt skeletons (D:2)
  A gnoll skeleton (D:3)
  A hobgoblin skeleton (D:2)
10 creatures vanquished.

Grand Total: 62 creatures vanquished

Notes
Turn   | Place    | Note
--------------------------------------------------------------
     0 | D:1      | Anturke, the Demonspawn Necromancer, began the quest for the Orb.
     0 | D:1      | Reached XP level 1. HP: 13/13 MP: 3/3
   279 | D:1      | Gained mutation: Your flesh is cold resistant. [demonic ancestry]
   279 | D:1      | Reached XP level 2. HP: 17/19 MP: 2/4
   287 | D:1      | Learned a level 1 spell: Animate Skeleton
   467 | D:1      | Reached skill level 5 in Necromancy
   691 | D:1      | Upgraded the game from 0.16.0 to 0.16.0-6-gad6103a
   937 | D:2      | Reached XP level 3. HP: 20/24 MP: 0/6
  1005 | D:2      | Learned a level 3 spell: Vampiric Draining
  2184 | D:3      | Gained mutation: You are partially covered in slimy green scales (AC +2). [demonic ancestry]
  2184 | D:3      | Reached XP level 4. HP: 21/30 MP: 2/8
  2240 | D:4      | Noticed Menkaure
  2242 | D:4      | Noticed Eustachio
  3036 | D:4      | Slain by Menkaure

Action                   |  1- 3 |  4- 6 || total
-------------------------+-------+-------++-------
Melee: Unarmed           |    76 |    34 ||   110
 Cast: Pain              |    42 |    12 ||    54
       Animate Skeleton  |     9 |     4 ||    13
       Vampiric Draining |     6 |     8 ||    14
  Use: Potion            |     6 |     6 ||    12
       Scroll            |     2 |     6 ||     8
 Stab: Sleeping          |     2 |       ||     2
  Eat: Chunk             |     4 |       ||     4
       Bread ration      |     1 |       ||     1
